 Dungeon Crawl Stone Soup version 0.26-a0-753-g4680b4fa2e (webtiles) character file.

Game seed: 9646207556980374385

12 Descartes the Skirmisher (level 2, -4/24 HPs)
             Began as a Formicid Chaos Knight on Nov 7, 2020.
             Was a Plaything of Xom.
             Slain by a yak (shapeshifter) (16 damage)
             ... on level 1 of the Dungeon.
             The game lasted 00:01:13 (384 turns).

Descartes the Skirmisher (Formicid Chaos Knight)     Turns: 384, Time: 00:01:13

Health: -4/24      AC:  5    Str: 16    XL:     2   Next: 45%
Magic:  2/2        EV: 11    Int: 11    God:    Xom [.....*]
Gold:   34         SH:  0    Dex: 10    Spells: 1/1 levels left

rFire    . . .     SeeInvis +   a - +0 falchion (chaos)
rCold    . . .     Faith    .   (no shield)
rNeg     . . .     Spirit   .   b - +2 leather armour
rPois    .         Reflect  .   (helmet unavailable)
rElec    .         Harm     .   (no cloak)
rCorr    .         Rampage  .   (no gloves)
MR       .....                  (no boots)
Stlth    +.........             (no amulet)
HPRegen  0.08/turn              (no ring)
MPRegen  0.08/turn              (no ring)

@: no status effects
A: permanent stasis, dig shafts and tunnels, four strong arms, antennae 3
a: Dig, Shaft Self, Renounce Religion


You were on level 1 of the Dungeon.
You worshipped Xom.
You were Xom's teddy bear.
You visited 1 branch of the dungeon, and saw 1 of its levels.

You collected 34 gold pieces.

Inventory:

Hand Weapons
 a - a +0 falchion of chaos (weapon)
Missiles
 c - 15 stones (quivered)
Armour
 b - a +2 leather armour (worn)
Potions
 d - a potion of flight {unknown}


   Skills:
 + Level 3.5 Fighting
 - Level 3.0 Long Blades
 + Level 2.6 Armour
 + Level 1.3 Dodging


You had one spell level left.
You didn't know any spells.
Your spell library was empty.

Dungeon Overview and Level Annotations

Branches:
Dungeon (1/15)

Altars:


Innate Abilities, Weirdness & Mutations

You cannot be hasted, slowed, berserked, paralysed or teleported.
You can dig through walls and to a lower floor.
Your four strong arms can wield two-handed weapons with a shield.
You have a pair of large antennae on your head. (SInv)


Message History

You hit the yak but do no damage.
The yak suddenly stops moving!
The helpless yak fails to defend itself.
You slash the yak!
The yak is moderately wounded.
The helpless yak fails to defend itself.
You hit the yak but do no damage.
The yak is moderately wounded.
The helpless yak fails to defend itself.
You hit the yak but do no damage.
The yak is moderately wounded.
The helpless yak fails to defend itself.
You hit the yak.
The yak is moderately wounded.
The helpless yak fails to defend itself.
You hit the yak.
The yak is moderately wounded.
The yak is no longer paralysed. x2; The yak gores you!
Ouch! That really hurt!
You die...
Xom giggles madly!

##.##
##...#
#....####
#.......#
#.#####.#
#(# # #.#
##
#.####...##
#Y@........
#Y####...##
#.# ## #.#
#.# #.# #.#
#.#


You could see 2 yak shaped shifters.

Vanquished Creatures
  3 bats (D:1)
  A giant cockroach (D:1)
  2 goblins (D:1)
  A hobgoblin (D:1)
  A kobold (D:1)
  2 frilled lizards (D:1)
  A rat (D:1)
11 creatures vanquished.

Vanquished Creatures (others)
  7 plants (D:1)
7 creatures vanquished.

Grand Total: 18 creatures vanquished

Notes
Turn   | Place    | Note
-------+----------+-------------------------------------------
     0 | D:1      | Descartes the Formicid Chaos Knight began the quest for the
                  | Orb.
     0 | D:1      | Reached XP level 1. HP: 18/18 MP: 1/1
    17 | D:1      | Reached skill level 1 in Dodging
   146 | D:1      | Reached XP level 2. HP: 19/24 MP: 2/2
   357 | D:1      | Noticed a swamp drake
   357 | D:1      | a kobold changed into a swamp drake
   357 | D:1      | XOM: polymorph kobold -> swamp drake
   371 | D:1      | XOM: enchant monster (good)
   375 | D:1      | Noticed a shapeshifter
   375 | D:1      | a swamp drake changed into a shapeshifter
   375 | D:1      | Noticed a yak
   375 | D:1      | a shapeshifter changed into a yak
   384 | D:1      | Slain by a yak (shapeshifter)

Illustrated notes

Levels and vault maps discovered:
D:1:      roderic_crop_circles_arrival_small, layout_loops_ring

Skill      XL: |  1 |
---------------+----+-----
Dodging        | 1 |  1.3
Fighting       | |  3.5
Long Blades    | |  3.0
Armour         | |  2.6

Action                   || total
-------------------------++-------
Melee: Falchion          ||    46
 Stab: Paralysed         ||     9
Armor: Leather armour    ||    13
Dodge: Dodged            ||    26
       Rpst.: Falchion   ||     5

Table legend: (Time is in decaauts)
 A = Elapsed time spent in this place.
 B = Non-inter-level travel time spent in this place.
 C = Inter-level travel time spent in this place.
 D = Time resting spent in this place.
 E = Time spent auto-exploring this place.
 F = Levels seen in this place.
 G = Mean time per level.
                   A        B        C        D        E       F      G
               +--------+--------+--------+--------+--------+-----+--------+
         Total |    390 |    390 |      0 |      0 |    293 |   1 |  390.0 |
       Dungeon |    390 |    390 |      0 |      0 |    293 |   1 |  390.0 |
               +--------+--------+--------+--------+--------+-----+--------+

Top non-repeatable levels by time:
     D:1: 390 daAuts
